AoeStats
← HydroAoE

Team Islands

503560714Analyzed
3v3 RM · 1mo ago on Sep 1, 2026· 37m 2s· 6 players
Game mode
Random Map
Map size
Large (8 player)
Population
200
Speed
Normal
Resources
Standard
Victory
Conquest
Starting age
Dark Age
Ending age
Imperial Age
RankedLock teamsTeams togetherTeam positionsShared explorationLock speedFull tech treeHidden civsTurbo modeCheats
Victory
Defeat
🇨🇳 Chinese · China
1009
+15
🇩🇪 Berbers · Germany
937
+19
🇨🇳 Portuguese · China
888
+21
🇪🇸 Celts · Spain
1108
-23
🇹🇼 Cumans · Taiwan
1088
-22
🇹🇼 Malians · Taiwan
792
-9
HydroAoE
7:20 Loom
10:52 Feudal Age
12:12 Double-Bit Axe
14:18 Horse Collar
16:44 Castle Age
17:01 Bloodlines
16:49 Fishing Lines
17:44 Husbandry
18:24 Gillnets
22:35 Scale Barding Armor
24:48 Bow Saw
24:41 Heavy Plow
26:07 Chain Barding Armor
25:58 Forging
26:48 Wheelbarrow
27:07 Careening
27:10 Clinker Construction
29:37 Hand Cart
33:49 Iron Casting
34:32 Town Watch
38:01 Imperial Age
76561199756344589
11:04 Feudal Age
11:42 Double-Bit Axe
11:58 Horse Collar
13:18 Gold Mining
18:38 Stone Mining
22:12 Castle Age
23:08 Medium Warships
23:39 Bow Saw
24:11 Stone Shaft Mining
23:49 Crossbowman
24:44 Fletching
26:45 Bodkin Arrow
26:54 Fishing Lines
27:24 Padded Archer Armor
28:03 Thumb Ring
30:59 Wheelbarrow
33:55 Leather Archer Armor
THEONE
0:40 Loom
13:26 Feudal Age
15:51 Double-Bit Axe
19:53 Castle Age
22:11 Medium Warships
21:45 Fishing Lines
27:14 Imperial Age
25:21 Gold Mining
26:07 Fletching
26:44 Ballistics
27:03 Gold Shaft Mining
28:37 Wheelbarrow
27:48 Town Watch
28:05 Gillnets
28:51 Heavy Warships
31:07 Elite Fire Lancer
33:26 Hand Cart
34:31 Chemistry
34:35 Conscription
35:41 Town Patrol
35:34 Stone Mining
35:48 Squires
Rey_Pablium
7:45 Loom
11:25 Feudal Age
12:24 Double-Bit Axe
15:01 Wheelbarrow
19:19 Castle Age
20:19 Bow Saw
20:22 Medium Warships
22:22 Horse Collar
25:42 Hand Cart
32:47 Imperial Age
33:53 Forging
33:43 Scale Mail Armor
34:05 Fletching
36:00 Bodkin Arrow
牙痛
11:13 Feudal Age
12:32 Wheelbarrow
13:43 Wheelbarrow
13:27 Bloodlines
13:08 Town Watch
13:50 Horse Collar
14:16 Double-Bit Axe
15:46 Fishing Lines
22:25 Forging
26:05 Castle Age
26:05 Scale Barding Armor
25:48 Loom
25:57 Gold Mining
25:57 Stone Mining
26:35 Light Cavalry
28:00 Hand Cart
27:45 Town Patrol
27:48 Heavy Plow
28:18 Caravan
34:38 Iron Casting
34:24 Chain Barding Armor
37:11 Imperial Age
35:59 Ballistics
36:18 Town Patrol
36:13 Fletching
36:23 Padded Archer Armor
37:14 Gold Shaft Mining
瀧注洄洮
12:31 Feudal Age
13:12 Double-Bit Axe
13:40 Fishing Lines
18:30 Fletching
22:21 Castle Age
23:32 Gold Mining
23:38 Stone Mining
24:50 Bow Saw
25:57 Gillnets
33:32 Medium Warships
34:55 Wheelbarrow
Connection lost

Rejoining the realm…

Still unreachable

The connection could not be restored.

Session expired

The server has moved on; the page needs a fresh start.